PUBA
KENTUCKY ROCKETS @ MOTLEY CRUE
06/05/1972
 
TOP OF THE 1ST
Red Springs Red Robins batting - Pitching for Glenavon Pipers : LHP Jeff Seagraves
Pitching: LHP Jeff Seagraves
Batting: RHB Jimmy Niklot 0-0: Called Strike
0-1: Ball
1-1: Ground out U3 (Groundball, 34, EV 85.6 MPH)
Batting: RHB Oscar Norris 0-0: Called Strike
0-1: Called Strike
0-2: Strikes out swinging
Batting: LHB Bill Buckner 0-0: SINGLE (Line Drive, 78S, EV 94.4 MPH)
Batting: LHB Kenny Cunningham 0-0: Called Strike
0-1: Called Strike
0-2: Foul Ball, location: 2F
0-2: Ball
1-2: Strikes out looking
Top of the 1st over - 0 runs, 1 hit, 0 errors, 1 left on base; Red Springs 0 - Glenavon 0
BOTTOM OF THE 1ST
Glenavon Pipers batting - Pitching for Red Springs Red Robins : RHP Ramón Flores
Pitching: RHP Ramón Flores
Batting: LHB Ken Hill 0-0: Foul Ball, location: 2F
0-1: Called Strike
0-2: Ball
1-2: Fly out, F4 (Line Drive, 4, EV 66.9 MPH)
Batting: RHB Jeronimo Alavartido 0-0: Called Strike
0-1: Foul Ball, location: 2F
0-2: Ball
1-2: Ground out 5-3 (Groundball, 5, EV 101.2 MPH)
Batting: LHB Tom Eldridge 0-0: Called Strike
0-1: Swinging Strike
0-2: Ball
1-2: Ball
2-2: Ball
3-2: Base on Balls
Batting: LHB Chris Williams 0-0: Reached on error, E4 (Groundball, 4, EV 86.2 MPH)
Tom Eldridge to second
Batting: RHB Tom Pierce 0-0: Ball
1-0: Foul Ball, location: 2F
1-1: Swinging Strike
1-2: Strikes out swinging
Bottom of the 1st over - 0 runs, 0 hits, 1 error, 2 left on base; Red Springs 0 - Glenavon 0
TOP OF THE 2ND
Red Springs Red Robins batting - Pitching for Glenavon Pipers : LHP Jeff Seagraves
Batting: RHB Terrence Cruz 0-0: Ball
1-0: Foul Ball, location: 2F
1-1: Ball
2-1: Ball
3-1: Foul Ball, location: 2F
3-2: Foul Ball, location: 2F
3-2: Strikes out swinging
Batting: RHB Hector Torres 0-0: Called Strike
0-1: Ground out 1-3 (Groundball, 13S, EV 68.1 MPH)
Batting: RHB Bill Jones 0-0: Ball
1-0: Ball
2-0: Foul Ball, location: 2F
2-1: SINGLE (Groundball, 6MD, EV 96.2 MPH)
Batting: RHB Robert McCullough 0-0: Ball
1-0: Ground out 5-3 (Groundball, 56S, EV 80.6 MPH)
Top of the 2nd over - 0 runs, 1 hit, 0 errors, 1 left on base; Red Springs 0 - Glenavon 0
BOTTOM OF THE 2ND
Glenavon Pipers batting - Pitching for Red Springs Red Robins : RHP Ramón Flores
Batting: LHB José Zavala 0-0: SINGLE (Groundball, 25, EV 71.9 MPH) (infield hit)
Batting: RHB Gerald Bernard 0-0: Ball
1-0: Ball
2-0: Fly out, F7 (Flyball, 7, EV 88.8 MPH)
Batting: RHB Justin Porter 0-0: Ball
1-0: Ball
2-0: Swinging Strike
2-1: Called Strike
2-2: Strikes out swinging
Batting: RHB Carlos Rodríguez 0-0: Called Strike
0-1: Swinging Strike
0-2: Ball
1-2: Fielders Choice at 2nd, U6 (Groundball, 6M, EV 85.6 MPH)
Bottom of the 2nd over - 0 runs, 1 hit, 0 errors, 1 left on base; Red Springs 0 - Glenavon 0
TOP OF THE 3RD
Red Springs Red Robins batting - Pitching for Glenavon Pipers : LHP Jeff Seagraves
Batting: LHB Luis Gómez 0-0: Reached on error, E9 (Line Drive, 9, EV 98.8 MPH)
Batting: RHB Jimmy Niklot 0-0: Foul Ball, location: 2F
0-1: Called Strike
0-2: Ball
1-2: Strikes out swinging
Batting: RHB Oscar Norris 0-0: Called Strike
0-1: Ball
1-1: Foul Ball, location: 2F
1-2: Ball
2-2: Ball
3-2: Foul Ball, location: 2F
3-2: Foul Ball, location: 2F
3-2: Ground out 6-3 (Groundball, 56, EV 88.8 MPH)
Batting: LHB Bill Buckner 0-0: Called Strike
0-1: Ball
1-1: Fly out, F7 (Flyball, 78M, EV 90.0 MPH)
Top of the 3rd over - 0 runs, 0 hits, 1 error, 1 left on base; Red Springs 0 - Glenavon 0
BOTTOM OF THE 3RD
Glenavon Pipers batting - Pitching for Red Springs Red Robins : RHP Ramón Flores
Batting: LHB Ken Hill 0-0: Swinging Strike
0-1: Foul Ball, location: 2F
0-2: Ball
1-2: SINGLE (Flyball, 5D, EV 92.5 MPH)
Batting: RHB Jeronimo Alavartido 0-0: Ball
1-0: Foul Ball, location: 2F
1-1: Fly out, F2 (Popup, 5SF, EV 71.9 MPH)
Batting: LHB Tom Eldridge 0-0: Called Strike
Ken Hill steals 2nd base
0-1: Swinging Strike
0-2: Strikes out swinging
Batting: LHB Chris Williams 0-0: Called Strike
0-1: SINGLE (Line Drive, 8RS, EV 101.2 MPH)
Ken Hill to third
Runner from 3rd tries for Home, SAFE, throw by CF to home
Batting: RHB Tom Pierce 0-0: Ball
1-0: Swinging Strike
1-1: Called Strike
1-2: Strikes out swinging
Bottom of the 3rd over - 1 run, 2 hits, 0 errors, 1 left on base; Red Springs 0 - Glenavon 1
TOP OF THE 4TH
Red Springs Red Robins batting - Pitching for Glenavon Pipers : LHP Jeff Seagraves
Batting: LHB Kenny Cunningham 0-0: Called Strike
0-1: Swinging Strike
0-2: Ball
1-2: Fly out, F7 (Flyball, 78D, EV 88.8 MPH)
Batting: RHB Terrence Cruz 0-0: Ball
1-0: SINGLE (Groundball, 6S, EV 70.6 MPH) (infield hit)
Batting: RHB Hector Torres 0-0: Ball
1-0: Foul Ball, location: 2F
1-1: Ball
2-1: SINGLE (Groundball, 6S, EV 70.6 MPH) (infield hit)
Terrence Cruz to second
Batting: RHB Bill Jones 0-0: Called Strike
0-1: Swinging Strike
0-2: Strikes out swinging
Batting: RHB Robert McCullough 0-0: Called Strike
0-1: Reached on error, E6 (Groundball, 6S, EV 65.6 MPH)
Terrence Cruz scores
Hector Torres to third
Batting: LHB Luis Gómez 0-0: Called Strike
0-1: Ball
1-1: Called Strike
1-2: Foul Ball, location: 2F
1-2: Ball
2-2: Strikes out swinging
Top of the 4th over - 1 run, 2 hits, 1 error, 2 left on base; Red Springs 1 - Glenavon 1
BOTTOM OF THE 4TH
Glenavon Pipers batting - Pitching for Red Springs Red Robins : RHP Ramón Flores
Batting: LHB José Zavala 0-0: Called Strike
0-1: Ground out 4-3 (Groundball, 4, EV 101.9 MPH)
Batting: RHB Gerald Bernard 0-0: Ball
1-0: Called Strike
1-1: Called Strike
1-2: Strikes out swinging
Batting: RHB Justin Porter 0-0: Foul Ball, location: 2F
0-1: Ground out 5-3 (Groundball, 56, EV 78.1 MPH)
Bottom of the 4th over - 0 runs, 0 hits, 0 errors, 0 left on base; Red Springs 1 - Glenavon 1
TOP OF THE 5TH
Red Springs Red Robins batting - Pitching for Glenavon Pipers : LHP Jeff Seagraves
Batting: RHB Jimmy Niklot 0-0: Ball
1-0: Called Strike
1-1: Foul Ball, location: 2F
1-2: Strikes out swinging
Batting: RHB Oscar Norris 0-0: Ball
1-0: Ground out 6-3 (Groundball, 6, EV 85.6 MPH)
Batting: LHB Bill Buckner 0-0: Ground out 4-3 (Groundball, 4MD, EV 105.0 MPH)
Top of the 5th over - 0 runs, 0 hits, 0 errors, 0 left on base; Red Springs 1 - Glenavon 1
BOTTOM OF THE 5TH
Glenavon Pipers batting - Pitching for Red Springs Red Robins : RHP Ramón Flores
Batting: RHB Carlos Rodríguez 0-0: Called Strike
0-1: Ball
1-1: Foul Ball, location: 2F
1-2: Ball
2-2: Strikes out swinging
Batting: LHB Ken Hill 0-0: Called Strike
0-1: Ball
1-1: Foul Ball, location: 2F
1-2: Ball
2-2: Ball
3-2: Foul Ball, location: 2F
3-2: Foul Ball, location: 2F
3-2: DOUBLE (Line Drive, 7LS, EV 95.0 MPH)
Batting: RHB Jeronimo Alavartido 0-0: Fly out, F9 (Flyball, 9, EV 93.1 MPH)
Batting: LHB Tom Eldridge 0-0: Foul Ball, location: 2F
0-1: Ball
1-1: Foul Ball, location: 2F
1-2: Foul Ball, location: 2F
1-2: Ball
2-2: Ground out 6-3 (Groundball, 6, EV 80.0 MPH)
Bottom of the 5th over - 0 runs, 1 hit, 0 errors, 1 left on base; Red Springs 1 - Glenavon 1
TOP OF THE 6TH
Red Springs Red Robins batting - Pitching for Glenavon Pipers : LHP Jeff Seagraves
Batting: LHB Kenny Cunningham 0-0: Ball
1-0: Swinging Strike
1-1: Foul Ball, location: 2F
1-2: Strikes out swinging
Batting: RHB Terrence Cruz 0-0: Foul Ball, location: 2F
0-1: Swinging Strike
0-2: Strikes out looking
Batting: RHB Hector Torres 0-0: Ball
1-0: Ball
2-0: Called Strike
2-1: Foul Ball, location: 2F
2-2: Strikes out swinging
Top of the 6th over - 0 runs, 0 hits, 0 errors, 0 left on base; Red Springs 1 - Glenavon 1
BOTTOM OF THE 6TH
Glenavon Pipers batting - Pitching for Red Springs Red Robins : RHP Ramón Flores
Batting: LHB Chris Williams 0-0: Swinging Strike
0-1: Called Strike
0-2: Fly out, F8 (Flyball, 78M, EV 91.9 MPH)
Batting: RHB Tom Pierce 0-0: Ball
1-0: Foul Ball, location: 2F
1-1: Foul Ball, location: 2F
1-2: DOUBLE (Flyball, 89XD, EV 112.5 MPH) - OUT at third base trying to stretch hit.
Batting: LHB José Zavala 0-0: Fly out, F7 (Flyball, 7LS, EV 78.1 MPH)
Bottom of the 6th over - 0 runs, 1 hit, 0 errors, 0 left on base; Red Springs 1 - Glenavon 1
TOP OF THE 7TH
Red Springs Red Robins batting - Pitching for Glenavon Pipers : LHP Jeff Seagraves
Batting: RHB Bill Jones 0-0: Fly out, F3 (Popup, 34, EV 80.6 MPH)
Batting: RHB Robert McCullough 0-0: Ball
1-0: Foul Ball, location: 2F
1-1: Ball
2-1: Ground out 5-3 (Groundball, 56S, EV 61.9 MPH)
Batting: LHB Luis Gómez 0-0: Fly out, F5 (Popup, 5SF, EV 68.1 MPH)
Top of the 7th over - 0 runs, 0 hits, 0 errors, 0 left on base; Red Springs 1 - Glenavon 1
BOTTOM OF THE 7TH
Glenavon Pipers batting - Pitching for Red Springs Red Robins : RHP Ramón Flores
Batting: RHB Gerald Bernard 0-0: Called Strike
0-1: Ball
1-1: Foul Ball, location: 2F
1-2: Fly out, F7 (Flyball, 7D, EV 95.0 MPH)
Batting: RHB Justin Porter 0-0: Ground out 4-3 (Groundball, 4, EV 92.5 MPH)
Batting: RHB Carlos Rodríguez 0-0: Ground out 5-3 (Groundball, 56, EV 89.4 MPH)
Bottom of the 7th over - 0 runs, 0 hits, 0 errors, 0 left on base; Red Springs 1 - Glenavon 1
TOP OF THE 8TH
Red Springs Red Robins batting - Pitching for Glenavon Pipers : LHP Jeff Seagraves
Batting: RHB Jimmy Niklot 0-0: Called Strike
0-1: Fly out, F7 (Flyball, 78S, EV 82.5 MPH)
Batting: RHB Oscar Norris 0-0: Foul Ball, location: 2F
0-1: Ball
1-1: Ball
2-1: SINGLE (Flyball, 3D, EV 88.1 MPH)
Pitching: LHP Raymond Vaughn
Pinch Hitting: RHB Josh Hall 0-0: Called Strike
0-1: Fielders Choice at 2nd, 5-4 (Groundball, 5, EV 105.0 MPH)
Batting: RHB Danny Frisbie 0-0: Ball
Josh Hall steals 2nd base
1-0: Swinging Strike
1-1: Foul Ball, location: 2F
1-2: Foul Ball, location: 2F
1-2: SINGLE (Line Drive, 8LS, EV 93.8 MPH)
Josh Hall to third
Runner from 3rd tries for Home, SAFE, throw by CF to home
Batting: RHB Terrence Cruz 0-0: Called Strike
0-1: Called Strike
0-2: Strikes out swinging
Top of the 8th over - 1 run, 2 hits, 0 errors, 1 left on base; Red Springs 2 - Glenavon 1
BOTTOM OF THE 8TH
Glenavon Pipers batting - Pitching for Red Springs Red Robins : RHP Ramón Flores
Now in LF: Wilson Cruz
Batting: LHB Ken Hill 0-0: Called Strike
0-1: Swinging Strike
0-2: Ball
1-2: Ball
2-2: Ball
3-2: DOUBLE (Flyball, 8LXD, EV 96.9 MPH)
Pitching: LHP Hal Gilson
Batting: RHB Jeronimo Alavartido 0-0: Ball
Wild Pitch!
Ken Hill to third
1-0: Foul Ball, location: 2F
1-1: Ball
2-1: Foul Ball, location: 2F
2-2: Foul Ball, location: 2F
2-2: SINGLE (Groundball, 6MD, EV 105.6 MPH)
Ken Hill scores
Batting: RHB William Hill 0-0: Foul Ball, location: 2F
0-1: Called Strike
0-2: Ball
1-2: SINGLE (Line Drive, 56D, EV 96.9 MPH)
Jeronimo Alavartido to second
Batting: LHB Chris Williams 0-0: Called Strike
0-1: Ball
1-1: Fly out, F8 (Flyball, 78M, EV 85.0 MPH)
Batting: RHB Tom Pierce 0-0: Ball
1-0: Fly out, F3 (Popup, 34, EV 70.6 MPH)
Pinch Hitting: RHB Bob Buckley 0-0: Fly out, F3 (Popup, 3SF, EV 76.9 MPH)
Bottom of the 8th over - 1 run, 3 hits, 0 errors, 2 left on base; Red Springs 2 - Glenavon 2
TOP OF THE 9TH
Red Springs Red Robins batting - Pitching for Glenavon Pipers : LHP Raymond Vaughn
Now in RF: Mike Wheeler
Batting: RHB Hector Torres 0-0: Ball
1-0: Called Strike
1-1: Foul Ball, location: 2F
1-2: Ground out 4-3 (Groundball, 4, EV 110.6 MPH)
Batting: RHB Bill Jones 0-0: Fly out, F8 (Line Drive, 8LM, EV 94.4 MPH)
Batting: RHB Robert McCullough 0-0: Ball
1-0: Ball
2-0: SINGLE (Groundball, 4D, EV 102.5 MPH)
Pinch Hitting: RHB Adrian Shelton 0-0: Called Strike
0-1: Foul Ball, location: 2F
0-2: Strikes out swinging
Top of the 9th over - 0 runs, 1 hit, 0 errors, 1 left on base; Red Springs 2 - Glenavon 2
BOTTOM OF THE 9TH
Glenavon Pipers batting - Pitching for Red Springs Red Robins : LHP Hal Gilson
Now at C: Dave East
Batting: RHB Gerald Bernard 0-0: Foul Ball, location: 2F
0-1: Ball
1-1: Foul Ball, location: 2F
1-2: Fly out, F5 (Popup, 5SF, EV 78.1 MPH)
Batting: RHB Justin Porter 0-0: Fly out, F9 (Flyball, 89M, EV 90.0 MPH)
Batting: RHB Carlos Rodríguez 0-0: Called Strike
0-1: Ground out U3 (Groundball, 34S, EV 87.5 MPH)
Bottom of the 9th over - 0 runs, 0 hits, 0 errors, 0 left on base; Red Springs 2 - Glenavon 2
TOP OF THE 10TH
Red Springs Red Robins batting - Pitching for Glenavon Pipers : LHP Raymond Vaughn
Batting: RHB Jimmy Niklot 0-0: Foul Ball, location: 2F
0-1: Ball
1-1: Ball
2-1: Ball
3-1: SINGLE (Flyball, 34D, EV 85.6 MPH)
Pitching: RHP Sandy Vance
Pinch Hitting: LHB Michael Cowan 0-0: Called Strike
0-1: Foul Ball, location: 2F
0-2: Ground out U3 (Groundball, 3S, EV 75.0 MPH)
Jimmy Niklot to second
Pinch Hitting: LHB John Webb 0-0: Ball
1-0: Called Strike
1-1: Called Strike
Jimmy Niklot steals 3rd base
1-2: Ground out 4-3 (Groundball, 4, EV 107.5 MPH)
Batting: LHB Wayne Garrett 0-0: Intentional Walk
Pinch Hitting: LHB Wayne Riggs 0-0: Foul Ball, location: 2F
0-1: Ball
1-1: Called Strike
1-2: Ball
2-2: SINGLE (Groundball, 4MD, EV 96.2 MPH)
Jimmy Niklot scores
Wayne Garrett to second
Batting: RHB Hector Torres 0-0: Ball
1-0: Foul Ball, location: 2F
1-1: Ball
2-1: Ball
3-1: Base on Balls
Wayne Garrett to third
Wayne Riggs to second
Pinch Hitting: LHB Curt Blefary 0-0: Foul Ball, location: 2F
0-1: Ball
1-1: SINGLE (Line Drive, 9S, EV 100.6 MPH)
Wayne Garrett scores
Wayne Riggs to third
Hector Torres to second
Batting: RHB Robert McCullough 0-0: Ball
1-0: Fielders Choice at 2nd, 6-4 (Groundball, 6, EV 100.0 MPH)
Top of the 10th over - 2 runs, 3 hits, 0 errors, 3 left on base; Red Springs 4 - Glenavon 2
BOTTOM OF THE 10TH
Glenavon Pipers batting - Pitching for Red Springs Red Robins : LHP Hal Gilson
Now at 1B: Gavin Perkins
Now at 3B: Doug Rowlett
Now in LF: Curt Blefary
Now in RF: John Webb
Pinch Hitting: RHB Allen Klein 0-0: Ball
1-0: Ball
2-0: Ball
3-0: Called Strike
3-1: Base on Balls
Batting: RHB Jeronimo Alavartido 0-0: Ball
1-0: Ball
2-0: Called Strike
2-1: Called Strike
2-2: Ball
3-2: Fly out, F9 (Line Drive, 9, EV 104.4 MPH)
Batting: RHB William Hill 0-0: Called Strike
0-1: Called Strike
0-2: Grounds into double play, 6-4-3 (Groundball, 56, EV 98.1 MPH)
Bottom of the 10th over - 0 runs, 0 hits, 0 errors, 0 left on base; Red Springs 4 - Glenavon 2
Monday, March 25th , 2024 - OOTP Baseball 24.8 Build 75